 Dungeon Crawl Stone Soup version 0.29-a0-464-g50448035db (webtiles) character file.

Game seed: 11528704271712418032

15458 Kenran the Grappler (level 12, -11/77 HPs)
             Began as a Vampire Fighter on May 21, 2022.
             Was an Elder of Dithmenos.
             Mangled by a fire elemental (14 damage)
             ... summoned by a deep elf pyromancer
             ... on level 9 of the Dungeon.
             The game lasted 00:30:31 (12828 turns).

Kenran the Grappler (Vampire Fighter)              Turns: 12828, Time: 00:30:31

Health: -11/77     AC:  0    Str: 17 (19) XL:     12   Next: 1%
Magic:  11/13      EV: 23    Int:  8 (10) God:    Dithmenos [****..]
Gold:   669        SH:  0    Dex: 18 (20) Spells: 11/11 levels left

rFire   . . .      SeeInvis +     - Unarmed
rCold   + + .      Faith    .   (shield currently unavailable)
rNeg    + + +      Spirit   .   (body armour currently unavailable)
rPois   ∞          Reflect  .   (helmet currently unavailable)
rElec   .          Harm     .   (cloak currently unavailable)
rCorr   .          Rampage  .   (gloves currently unavailable)
Will    +....                   (boots currently unavailable)
Stlth   +++++++...              (no amulet)
HPRegen 0.00/turn               (ring currently unavailable)
MPRegen 0.13/turn               (ring currently unavailable)

@: bat-form, flying, bloodless, inhibited regen, wreathed by umbra, very quick
A: fast, flying, no casting, tiny, bloodless, fangs 3, see invisible, vampiric
2, mutation resistance 1, sense surroundings 1
a: Revivify, End Transformation, Renounce Religion, Shadow Step


You were on level 9 of the Dungeon.
You worshipped Dithmenos.
Dithmenos was greatly pleased with you.
You were a vampire bat.
You visited 2 branches of the dungeon, and saw 12 of its levels.
You also visited: Bailey.

You collected 783 gold pieces.
You spent 114 gold pieces at shops.

Inventory:

Armour
 a - a +0 plate armour (melded)
 e - a +0 kite shield (melded)
 q - a +0 cloak (melded)
Jewellery
 b - a ring of poison resistance (melded)
 i - a ring of resist corrosion
 j - a +4 ring of protection (melded)
 v - a ring of willpower
Wands
 o - a wand of polymorph (7)
 u - a wand of digging (6)
Scrolls
 f - 2 scrolls of vulnerability {!r}
 h - 5 scrolls of amnesia
 k - 2 scrolls of fog
 n - 2 scrolls of enchant armour
 p - 2 scrolls of immolation {!r}
 w - a scroll of blinking
Potions
 c - a potion of mutation {!q}
 r - a potion of magic


   Skills:
 + Level 10.1 Fighting
 + Level 8.2 Armour
 + Level 5.9 Dodging
 - Level 4.0 Stealth
 + Level 4.4 Shields
 + Level 12.2 Unarmed Combat
 - Level 2.0 Invocations
 - Level 3.0 Evocations


You had 11 spell levels left.
You didn't know any spells.
Your spell library contained the following spells:

 Spells                   Type           Power      Damage    Failure   Level
 Apportation              Tloc           0%         N/A       41%         1
 Magic Dart               Conj           0%         1d3       41%         1
 Necrotize                Necr           0%         1d4       41%         1
 Shock                    Conj/Air       0%         1d3       41%         1
 Summon Small Mammal      Summ           0%         N/A       41%         1
 Call Imp                 Summ           0%         N/A       54%         2
 Mephitic Cloud           Conj/Pois/Air  0%         N/A       78%         3
 Swiftness                Air            0%         N/A       78%         3
 Airstrike                Air            0%         N/A       99%         4


Dungeon Overview and Level Annotations

Branches:
Dungeon (11/15)            Temple (0/1) D:6            Lair (1/6) D:9
    Orc (0/2) D:10         Bailey (visited)

Altars:
Cheibriados
Dithmenos
Elyvilon
Gozag
Kikubaaqudgha
Vehumet
The Shining One
Beogh

Shops:
D:5 *   D:7 !

Annotations:
D:2 Sigmund
D:3 2 transporters


Innate Abilities, Weirdness & Mutations

You are a vampire bat.
You are tiny and dextrous.
You move quickly.
You are flying.
You are immune to poison.
Your equipment is almost entirely melded.
You are incapable of wielding weapons or throwing items.
You cannot cast spells.
You do not regenerate when monsters are visible.
You are frail without blood (-20% HP).
You can heal yourself when you bite living creatures.
You are immune to poison.
You have razor-sharp teeth.
You have supernaturally acute eyesight. (SInv)
You are afflicted with vampirism and can become a bat while bloodless.
You are somewhat resistant to further mutation.
You passively map a small area around you.


Message History

* * * LOW HITPOINT WARNING * * *
You barely miss the fire elemental.
The fire elemental is lightly damaged.
The fire elemental hits you. The fire elemental burns you!
* * * LOW HITPOINT WARNING * * *
The manticore is engulfed in blazing flames.
The deep elf pyromancer gestures wildly while chanting.
You punch the fire elemental!
The fire elemental is heavily damaged.
The fire elemental barely misses you.
The manticore is engulfed in blazing flames.
Okay, then.
You carefully extract the barbed spikes from your body.
You block the fire elemental's attack.
Keep bloodletting?
You block the fire elemental's attack.
You begin bloodletting.
You continue bloodletting.
The fire elemental hits you. The fire elemental burns you!
* * * LOW HITPOINT WARNING * * *
You continue bloodletting.
You block the fire elemental's attack.
You continue bloodletting.
You block the fire elemental's attack.
You continue bloodletting.
The fire elemental hits you. The fire elemental burns you!
* * * LOW HITPOINT WARNING * * *
You block the fire elemental's attack.
You continue bloodletting.
You block the fire elemental's attack.
You become bloodless.
You turn into a vampire bat.
Your +0 cloak melds into your body.
Your +0 kite shield melds into your body.
Your +0 plate armour melds into your body.
Your +4 ring of protection melds into your body.
Your ring of poison resistance melds into your body.
You feel weakened.
You feel dopey.
You feel clumsy. The fire elemental hits you.
* * * LOW HITPOINT WARNING * * *
The fire elemental burns you!
You die...

,
###.#.#.#.####..##
, #)#)#.#.# ##..#
* ###.#.### ##.. *
###'### ###
*,,##)....# ##..
##)#####.# ##..# *
##§##..[##.###..##
*, #§##[.[..#
.#..### #b#°☼○[...
,#.###.
#§EHe..).}**##.#..
#§#cE.....* #.###.
*, #.##§○[..#*
#..### * ##c
#[|.## ###..##
,*#, ####,##.##..#
*,, , ##...##.[
.#######..#..###
*.........###.)..


You could see a centaur warrior, a manticore and a fire elemental (summoned).

Vanquished Creatures
  A boulder beetle (D:9)
  A centaur warrior (D:9)
  A two-headed ogre (D:9)
  A wizard (D:9)
  A harpy (D:9)
  An ugly thing (D:9)
  2 cyclopes
  A gargoyle (D:9)
  A cane toad (Lair:1)
  A komodo dragon (Lair:1)
  A troll (D:9)
  A polar bear (Lair:1)
  A hornet (D:9)
  Grinder (D:3)
  Prince Ribbit (D:5)
  A blink frog (Lair:1)
  17 yaks
  2 shadows (D:9)
  A vampire (D:10)
  5 basilisks
  3 wraiths
  Grum (D:8)
  2 wyverns (D:9)
  2 steam dragons
  2 acid dragons (D:9)
  3 water moccasins
  A floating eye (shapeshifter) (D:9)
  A black bear (D:6)
  2 ice beasts
  A sky beast (D:7)
  6 orc warriors
  6 wolves
  4 centaurs
  A phantom (D:4)
  6 kobold brigands
  Blork the orc (D:5)
  3 bullfrogs
  2 gnoll sergeants
  4 scorpions
  6 wights
  3 howler monkeys
  2 gnoll shamans
  2 hounds
  4 orc priests
  4 iguanas
  Natasha (thrice) (D:2)
  Terence (D:3)
  5 orc wizards
  A mummy (D:5)
  5 adders
  26 gnolls
  2 shadow imps
  4 white imps
  A howler monkey simulacrum (D:9)
  An ufetubus (D:6)
  A worm (D:5)
  A dart slug (D:3)
  24 orcs
  4 endoplasms
  4 giant cockroaches
  15 goblins
  10 hobgoblins
  4 jackals (D:3)
  27 kobolds
  2 ball pythons
  2 bats
  2 frilled lizards
  3 rats
262 creatures vanquished.

Vanquished Creatures (others)
  2 orc wizards (D:9)
  A bush (D:9)
  7 fungi
  13 plants
23 creatures vanquished.

Grand Total: 285 creatures vanquished

Notes
Turn   | Place    | Note
-------+----------+-------------------------------------------
     0 | D:1      | Kenran the Vampire Fighter began the quest for the Orb.
     0 | D:1      | Reached XP level 1. HP: 17/17 MP: 1/1
   159 | D:1      | Reached skill level 3 in Unarmed Combat
   260 | D:1      | Reached XP level 2. HP: 21/23 MP: 2/2
   777 | D:2      | Noticed Sigmund
   788 | D:2      | Noticed a scorpion
   802 | D:1      | Killed a scorpion
   803 | D:1      | Reached skill level 4 in Unarmed Combat
   803 | D:1      | Gained mutation: You are afflicted with vampirism and can
                  | become a bat while bloodless. [Vampire growth]
   803 | D:1      | Reached XP level 3. HP: 9/29 MP: 3/3
   803 | D:1      | Reached XP level 4. HP: 11/35 MP: 4/4
   929 | D:1      | Reached skill level 5 in Unarmed Combat
  1043 | D:2      | Noticed Natasha
  1052 | D:2      | Killed Natasha
  1210 | D:2      | Noticed Natasha
  1230 | D:2      | Killed Natasha
  1231 | D:2      | Reached XP level 5. HP: 32/41 MP: 5/5
  1332 | D:2      | Noticed Natasha
  1338 | D:2      | Killed Natasha
  1445 | D:2      | Found a faded altar of an unknown god.
  1578 | D:3      | Noticed Terence
  1592 | D:3      | Killed Terence
  1593 | D:3      | Reached skill level 6 in Unarmed Combat
  1994 | D:3      | Noticed Grinder
  2043 | D:4      | Reached XP level 6. HP: 41/47 MP: 6/6
  2246 | D:4      | Reached skill level 7 in Unarmed Combat
  2393 | D:4      | Noticed a water moccasin
  2400 | D:4      | Reached XP level 7. HP: 45/54 MP: 7/7
  2412 | D:4      | Gained mutation: You passively map a small area around you.
                  | [potion of mutation]
  2412 | D:4      | Gained mutation: You are somewhat resistant to further
                  | mutation. [potion of mutation]
  2415 | D:4      | Reached skill level 8 in Unarmed Combat
  3039 | D:3      | Found a transporter.
  3062 | D:3      | Found a transporter.
  3238 | D:3      | Paralysed by Grinder for 3 turns
  3242 | D:3      | Killed Grinder
  3243 | D:3      | Reached skill level 9 in Unarmed Combat
  3796 | D:5      | Entered Level 5 of the Dungeon
  3952 | D:5      | Found Zopeopuril's Assorted Antiques.
  3962 | D:5      | Bought a scroll labelled SOACOA PEKHETH for 19 gold pieces
  3962 | D:5      | Bought a scroll of identify for 38 gold pieces
  3962 | D:5      | Bought a potion of lignification for 57 gold pieces
  4058 | D:5      | Reached skill level 1 in Dodging
  4100 | D:5      | Noticed Prince Ribbit
  4113 | D:5      | Killed Prince Ribbit
  4114 | D:5      | Reached XP level 8. HP: 45/61 MP: 8/8
  4230 | D:5      | Found a snail-covered altar of Cheibriados.
  4525 | D:5      | Noticed Blork the orc
  4532 | D:5      | Killed Blork the orc
  4729 | D:5      | Found a shadowy altar of Dithmenos.
  4733 | D:5      | Found an opulent altar of Gozag.
  4742 | D:5      | Found an ancient bone altar of Kikubaaqudgha.
  4746 | D:5      | Found a radiant altar of Vehumet.
  4773 | D:5      | Became a worshipper of Dithmenos the Shadowed
  4929 | D:6      | Reached skill level 5 in Fighting
  5074 | D:6      | Found a staircase to the Ecumenical Temple.
  5843 | D:6      | Reached skill level 5 in Armour
  5843 | D:6      | Reached skill level 10 in Unarmed Combat
  6025 | D:7      | Reached * piety under Dithmenos
  6026 | D:7      | Reached XP level 9. HP: 44/69 MP: 9/9
  6169 | D:7      | Found Imeise's Distillery.
  6412 | D:7      | Noticed a cyclops
  6477 | D:7      | Killed a cyclops
  6478 | D:7      | Reached skill level 1 in Invocations
  6478 | D:7      | Reached skill level 1 in Evocations
  6906 | D:8      | Found a flagged portal.
  6921 | Bailey   | Entered a bailey
  7462 | D:8      | Reached ** piety under Dithmenos
  8006 | D:8      | Noticed Grum
  8015 | D:8      | Reached skill level 11 in Unarmed Combat
  8019 | D:8      | Killed Grum
  8419 | D:8      | Reached XP level 10. HP: 59/79 MP: 11/11
  9204 | D:9      | Found a staircase to the Lair.
  9429 | D:9      | You fall into a shaft and drop 2 floors!
  9494 | D:11     | Noticed a boulder beetle
  9517 | D:10     | Entered Level 10 of the Dungeon
  9585 | D:10     | Reached *** piety under Dithmenos
  9977 | D:10     | Found a staircase to the Orcish Mines.
 10030 | D:9      | HP: 1/83 [orc warrior/+0 battleaxe (18)]
 10047 | D:9      | HP: 3/81 [wight/+0 battleaxe (2)]
 10430 | D:9      | Reached XP level 11. HP: 19/86 MP: 12/12
 10737 | D:9      | Reached **** piety under Dithmenos
 10912 | D:9      | Noticed a two-headed ogre
 10924 | D:9      | Killed a two-headed ogre
 11102 | D:9      | Noticed a two-headed ogre
 11128 | D:9      | Noticed a harpy
 11128 | D:9      | a two-headed ogre changed into a harpy
 11134 | D:9      | Killed a harpy
 11135 | D:9      | Reached skill level 12 in Unarmed Combat
 11284 | Lair:1   | Entered Level 1 of the Lair of Beasts
 11367 | Lair:1   | Identified the +3 ring mail of the Barracuda {rElec Str-5
                  | Int+3}
 11836 | Lair:1   | Reached skill level 10 in Fighting
 11896 | Lair:1   | HP: 1/90 [black mamba (8)]
 12017 | D:9      | Noticed a wizard
 12127 | D:9      | Killed a wizard
 12177 | D:9      | Noticed a green ugly thing
 12178 | D:9      | Noticed a centaur warrior
 12193 | D:9      | Killed a centaur warrior
 12194 | D:9      | Reached skill level 5 in Dodging
 12211 | D:9      | Killed a green ugly thing
 12664 | D:9      | Noticed a boulder beetle
 12687 | D:9      | Killed a boulder beetle
 12688 | D:9      | Reached XP level 12. HP: 83/97 MP: 13/13
 12807 | D:9      | Identified the -1 barding of Gravity {-Tele Will++ Regen+}
 12807 | D:9      | Noticed a centaur warrior
 12818 | D:9      | Noticed a centaur warrior
 12828 | D:9      | HP: 3/77 [fire elemental[a deep elf pyromancer] (1)]
 12828 | D:9      | Mangled by a fire elemental

Illustrated notes

Levels and vault maps discovered:
D:1:      roderic_octagonal_star, layout_loops_ring
D:2:      layout_rooms, ebering_ecumenical_altar_webs, minmay_misc_feat_chi,
          uniq_sigmund, uniq_natasha
D:3:      gammafunk_steamed_eel, layout_basic, grunt_ministairs_3, uniq_grinder,
          uniq_terence
D:4:      layout_loops_cross
D:5:      layout_loops_ring, nicolae_overflow_hallway_of_the_gods, slow_altar_1,
          serial_shops, shop, grunt_ministairs_13, hangedman_decor_opposing,
          uniq_blork_the_orc, uniq_prince_ribbit1
D:6:      layout_loops_cross, minmay_temple_entry_large_hall
D:7:      layout_basic, serial_shops, nicolae_inconvenience_store
D:8:      layout_layer_cave, enter_bailey_3, uniq_grum
D:9:      minmay_the_grid_octo_2x2 [minmay_the_grid_octo_fat_diamond,
          minmay_the_grid_octo_pinwheel, minmay_the_grid_octo_teeth,
          minmay_the_grid_octo_prize_big_c], layout_basic,
          minmay_lair_entry_grove
D:10:     layout_cave_pools, minmay_orc_entry_temple_small
D:11:     layout_stronghold
Lair:1:   layout_long_grid, serial_bayou_ford_a

Skill      XL: |  1  2  3  4  5  6  7  8  9 10 11 |
---------------+----------------------------------+-----
Unarmed Combat | 3 4 5 6 7 9 10 11 12 | 12.2
Fighting       | 3 4 5 7 9 10 | 10.1
Shields        | 3 4 |  4.4
Dodging        | 1 3 5 |  5.9
Armour         | 3 5 6 7 8 |  8.2
Invocations    | 2 |  2.0
Evocations     | 2 3 |  3.0
Stealth        | 4 |  4.0

Action                   |  1- 3 |  4- 6 |  7- 9 | 10-12 || total
-------------------------+-------+-------+-------+-------++-------
Melee: Unarmed           |    51 |   186 |   376 |   536 ||  1149
       Bite              |     5 |    20 |    49 |    78 ||   152
 Abil: Bat Form          |       |       |       |     1 ||     1
       Exsanguinate      |       |       |       |     1 ||     1
Evoke: Wand              |       |       |     3 |    11 ||    14
  Use: Potion            |     2 |     1 |    11 |     8 ||    22
       Scroll            |       |       |    10 |    10 ||    20
 Stab: Invisible         |       |       |     4 |     2 ||     6
       Paralysed         |       |       |       |     9 ||     9
Armor: Scale mail        |    21 |    17 |       |       ||    38
       Chain mail        |       |    44 |   101 |       ||   145
       Skin              |       |       |     9 |       ||     9
       Plate armour      |       |       |    43 |   198 ||   241
Dodge: Dodged            |    19 |    38 |    96 |   115 ||   268
Block: Buckler           |     8 |    25 |    72 |    15 ||   120
       Kite shield       |       |       |       |   223 ||   223

Table legend: (Time is in decaauts)
 A = Elapsed time spent in this place.
 B = Non-inter-level travel time spent in this place.
 C = Inter-level travel time spent in this place.
 D = Time resting spent in this place.
 E = Time spent auto-exploring this place.
 F = Levels seen in this place.
 G = Mean time per level.
                   A        B        C        D        E       F      G
               +--------+--------+--------+--------+--------+-----+--------+
         Total |  12706 |  12278 |    428 |   4157 |   4887 |  13 |  977.4 |
       Dungeon |  11735 |  11307 |    428 |   3720 |   4710 |  11 | 1066.8 |
          Lair |    617 |    617 |      0 |    281 |    177 |   1 |  617.0 |
        Bailey |    353 |    353 |      0 |    155 |      0 |   1 |  353.0 |
               +--------+--------+--------+--------+--------+-----+--------+

Top non-repeatable levels by time:
     D:9: 2416 daAuts
     D:8: 1863 daAuts
     D:3: 1380 daAuts
     D:7: 1164 daAuts
     D:5: 1058 daAuts
     D:1: 1048 daAuts
     D:4: 896 daAuts
     D:6: 784 daAuts
  Lair:1: 617 daAuts
     D:2: 531 daAuts
    D:10: 504 daAuts
  Bailey: 353 daAuts
    D:11: 87 daAuts
